 Dungeon Crawl Stone Soup version 0.30-a0-989-g0d87f670db (webtiles) character file.

Game seed: 9951197955219780679

61 jasper the Caller (level 4, 0/24 HPs)
             Began as a Tengu Summoner on Apr 3, 2023.
             Slain by a gnoll
             ... wielding a +0 halberd
              (3 damage)
             ... on level 4 of the Dungeon.
             The game lasted 00:03:10 (1132 turns).

jasper the Caller (Tengu Summoner)                  Turns: 1132, Time: 00:03:11

Health: 0/24       AC:  9    Str: 14    XL:     4   Next: 7%
Magic:  2/8        EV: 11    Int: 17    God:
Gold:   70         SH:  0    Dex: 15    Spells: 1/7 levels left

rFire   . . .      SeeInvis .    h - +0 spear
rCold   . . .      Faith    .    (no shield)
rNeg    . . .      Spirit   .    e - +0 ring mail
rPois   .          Reflect  .    (helmet restricted)
rElec   .          Rampage  .    (no cloak)
rCorr   .                        (no gloves)
Will    .....                    (boots unavailable)
Stlth   +                        (no amulet)
HPRegen 0.24/turn                c - +6 ring of strength
MPRegen 0.11/turn                l - +4 ring of protection

@: no status effects
A: beak, talons 3
a: no special abilities


You were on level 4 of the Dungeon.
You visited 1 branch of the dungeon, and saw 3 of its levels.

You collected 70 gold pieces.

Inventory:

Hand Weapons
 h - a +0 spear (weapon)
Missiles
 g - 11 poisoned darts
Armour
 a - a +0 robe
 d - a +0 leather armour
 e - a +0 ring mail (worn)
Jewellery
 c - a +6 ring of strength (left hand)
 l - a +4 ring of protection (right hand)
Scrolls
 f - a scroll of teleportation
Potions
 b - a potion of magic
 j - 3 potions of curing {unknown}
 k - a potion of haste {unknown}


   Skills:
 - Level 2.0 Polearms
 - Level 2.1 Dodging
 - Level 2.0 Stealth
 - Level 2.0 Spellcasting
 + Level 6.1 Summonings


You had one spell level left.
You knew the following spells:

 Your Spells              Type           Power      Damage    Failure   Level
a - Summon Small Mammal   Summ           88%        N/A       3%          1
b - Call Imp              Summ           22%        N/A       4%          2
c - Call Canine Familiar  Summ           22%        N/A       10%         3

Your spell library contained the following spells:

 Spells                   Type           Power      Damage    Failure   Level
 Summon Guardian Golem    Hex/Summ       12%        N/A       32%         3
 Summon Lightning Spire   Summ/Air       12%        N/A       73%         4


Dungeon Overview and Level Annotations

Branches:
Dungeon (2/15)

Altars:


Innate Abilities, Weirdness & Mutations

You have a beak for a mouth.
You have claws for feet.


Message History

Your Summonings skill increases to level 6!
You have reached level 4!
You feel agile.
You regained 4 hp, and now have 17/24 hp.
Unknown command.
Your hound bites the gnoll.
The gnoll barely misses you.
Reach: h) +0 spear
Press: ? - help, Dir - move target, f - gnoll
Aim: a gnoll, wielding a +0 halberd (heavily wounded, ally target, about 35% to evade your +0 spear)
You reach to attack!
You hit the gnoll.
The gnoll is severely wounded.
Your hound bites the gnoll.
Your hound barely misses the gnoll.
The gnoll hits you from afar with a +0 halberd!
Ouch! That really hurt!
* * * LOW HITPOINT WARNING * * *
You take 11 damage, and have 6/24 hp.
MASSIVE DAMAGE!!
Reach: h) +0 spear
Press: ? - help, Dir - move target, f/p - gnoll
Aim: a gnoll, wielding a +0 halberd (almost dead, ally target, about 35% to evade your +0 spear)
You could not reach far enough!
Your hound completely misses the gnoll.
The gnoll hits you from afar with a +0 halberd.
* * * LOW HITPOINT WARNING * * *
You take 3 damage, and have 3/24 hp.
Reach: h) +0 spear
Press: ? - help, Dir - move target, f/p - gnoll
Aim: a gnoll, wielding a +0 halberd (severely wounded, ally target, about 35% to evade your +0 spear)
You could not reach far enough!
Your hound bites the gnoll.
Your hound closely misses the gnoll.
The gnoll barely misses you.
Reach: h) +0 spear
Press: ? - help, Dir - move target, f/p - gnoll
Aim: a gnoll, wielding a +0 halberd (almost dead, ally target, about 35% to evade your +0 spear)
You could not reach far enough!
Your hound misses the gnoll. The gnoll misses you.
Reach: h) +0 spear
Press: ? - help, Dir - move target, f/p - gnoll
Aim: a gnoll, wielding a +0 halberd (almost dead, ally target, about 35% to evade your +0 spear)
You could not reach far enough!
Your hound barely misses the gnoll.
Your hound bites the gnoll.
The gnoll hits you from afar with a +0 halberd.
You die...

### ###.#8.8 ##.#.##.#
##.#..##.# ##### ##.###.##.#
#...####.## ###8g8######
#.#.....## #g##....# #[..####.##
####h#####.# ##.##
##.###.##@#####.### #)#
##.#..##.........# #.#
##.#.####.###.#.# #.# ###'## #.#
#.#.### ##.# ##...###.# #.....#
...## ##.....##.# ###.#.#####
.##.## ##....†..#.# ##.....†..#
.#...####..........###...#.###.#
........'..................# #.#


You could see 2 gnolls and a friendly hound (summoned).

Vanquished Creatures
  2 adders (D:4)
  A gnoll (D:4)
  A dart slug (D:4)
  A bat (D:1)
  3 endoplasms (D:1)
  A giant cockroach (D:1)
  5 hobgoblins (D:1)
  A kobold (D:1)
  A quokka (D:1)
  2 ball pythons (D:1)
  5 goblins
  2 rats (D:1)
25 creatures vanquished.

Vanquished Creatures (collateral kills)
  A bat (D:1)
  A hobgoblin (D:1)
  A quokka (D:1)
  A rat (D:1)
4 creatures vanquished.

Grand Total: 29 creatures vanquished

Notes
Turn   | Place    | Note
-------+----------+-------------------------------------------
     0 | D:1      | jasper the Tengu Summoner began the quest for the Orb.
     0 | D:1      | Reached XP level 1. HP: 10/10 MP: 4/4
    72 | D:1      | Reached skill level 5 in Summonings
    86 | D:1      | Reached XP level 2. HP: 15/15 MP: 1/6
    89 | D:1      | Learned a level 2 spell: Call Imp
   338 | D:1      | Reached skill level 1 in Polearms
   745 | D:1      | Reached XP level 3. HP: 19/19 MP: 7/7
   897 | D:2      | You fall into a shaft and drop 2 floors!
   911 | D:4      | Learned a level 3 spell: Call Canine Familiar
  1127 | D:4      | Reached skill level 6 in Summonings
  1127 | D:4      | Reached XP level 4. HP: 17/24 MP: 2/8
  1132 | D:4      | Slain by a gnoll

Illustrated notes

Levels and vault maps discovered:
D:1:      psy_arrival_fountain, layout_basic, chequers_avenue, minmay_ruptured
D:2:      layout_loops_ring, serial_co_window_serial, co_window_corner_a,
          co_window_paths_a, co_window_of_opportunity_a, co_window_paths_a,
          co_window_of_opportunity_a, co_window_paths_a, co_window_paths_b,
          co_window_corner_ca, co_window_broadway_b, co_window_corner_ca,
          co_window_4corner_a, co_window_paths_d, glass_columns_a,
          glass_columns_a, uniq_natasha, uniq_jessica
D:4:      layout_loops_corners, grunt_temple_overflow_diamond, dk_noncrumbling_2

Skill      XL: |  1  2  3 |
---------------+----------+-----
Summonings     | 5 6 |  6.1
Polearms       | 1 2 |  2.0
Dodging        | |  2.1
Stealth        | |  2.0
Spellcasting   | |  2.0

Action                     |  1- 3 |  4- 6 || total
---------------------------+-------+-------++-------
  Melee: Unarmed           |    23 |       ||    23
         Peck              |    16 |       ||    16
         Kick              |    17 |       ||    17
         Spear             |    55 |     1 ||    56
   Cast: Summon Small Mamm |     4 |       ||     4
         Call Canine Famil |     2 |       ||     2
    Use: Scroll            |     3 |       ||     3
   Stab: Sleeping          |     1 |       ||     1
 Armour: Leather armour    |     8 |       ||     8
         Robe              |     1 |       ||     1
         Ring mail         |    17 |       ||    17
  Dodge: Dodged            |    38 |     3 ||    41

Table legend: (Time is in decaauts)
 A = Elapsed time spent in this place.
 B = Non-inter-level travel time spent in this place.
 C = Inter-level travel time spent in this place.
 D = Time resting spent in this place.
 E = Time spent auto-exploring this place.
 F = Levels seen in this place.
 G = Mean time per level.
                   A        B        C        D        E       F      G
               +--------+--------+--------+--------+--------+-----+--------+
         Total |   1131 |   1079 |     52 |      3 |    790 |   3 |  377.0 |
       Dungeon |   1131 |   1079 |     52 |      3 |    790 |   3 |  377.0 |
               +--------+--------+--------+--------+--------+-----+--------+

Top non-repeatable levels by time:
     D:1: 839 daAuts
     D:4: 233 daAuts
     D:2: 58 daAuts
